 Dungeon Crawl Stone Soup version 0.25.1-2-g60ff931df9 (webtiles) character file.

Game seed: 11588275369749510925

61152 ubername the Severer (level 14, -1/135 HPs)
             Began as a Minotaur Berserker on Nov 11, 2020.
             Was a High Priest of Trog.
             Slain by a skeletal warrior
             ... wielding a +0 scimitar
             ... led by a skeletal warrior
              (14 damage)
             ... on level 15 of the Dungeon.
             The game lasted 00:38:23 (14966 turns).

ubername the Severer (Minotaur Berserker)          Turns: 14966, Time: 00:38:23

Health: -1/135     AC: 22    Str: 26    XL:     14   Next: 59%
Magic:  25/25      EV: 29    Int:  3    God:    Trog [*****.]
Gold:   818        SH:  0    Dex: 22    Spells: 13/13 levels left

rFire    . . .     SeeInvis +   a - +7 war axe of Huxky {elec, rC+ Int+5}
rCold    + + +     Gourm    .   (no shield)
rNeg     . . .     Faith    .   m - +1 chain mail
rPois    +         Spirit   .   (helmet restricted)
rElec    +         Reflect  .   B - +0 cloak
rCorr    .         Harm     +   h - +0 pair of gloves of Watchfulness {-Tele rElec Int-2 Dex+8}
MR       +++..     NoTele   +   O - +4 pair of boots of Sloth {Harm rC+ Dex+4 Stlth-}
Stlth    ..........             F - amulet "Totosila" {Acrobat Fragile rC+++ MR++ Int-5}
HPRegen  0.32/turn              q - +4 ring of slaying
MPRegen  0.19/turn              L - ring "Efonkife" {rPois MP+9 Slay-2 SInv}

@: berserk cooldown, acrobat, slowed, very slow
A: retaliatory headbutt, horns 2, mutation resistance 1
a: Berserk, Trog's Hand, Brothers in Arms, Renounce Religion


You were on level 15 of the Dungeon.
You worshipped Trog.
Trog was extremely pleased with you.
You were not hungry.

You visited 1 branch of the dungeon, and saw 15 of its levels.

You collected 818 gold pieces.

Inventory:

Hand Weapons
 a - the +7 war axe of Huxky (weapon) {elec, rC+ Int+5}
   (You found it on level 4 of the Dungeon)

   Occasionally, upon striking a foe, it will discharge some electrical energy
   and cause terrible harm.
   It affects your intelligence (+5).
   It protects you from cold.
 v - a +4 quarterstaff of chaos
 z - the +3 sling "Punk" {acid, rCorr}
   (You found it on level 5 of the Dungeon)

   It provides partial protection from all sources of acid and corrosion.
 C - the +1 quarterstaff of Leenopek {antimagic, MR+ SInv}
   (You found it on level 7 of the Dungeon)

   It reduces the magical energy of the wielder, and disrupts the spells and
   magical abilities of those hit.
   Natural abilities and divine invocations are not affected.
   It affects your resistance to hostile enchantments.
   It lets you see invisible.
 R - the +6 spear "Vuwup" {elec, Dex+3}
   (You took it off a spriggan on level 10 of the Dungeon)

   Occasionally, upon striking a foe, it will discharge some electrical energy
   and cause terrible harm.
   It affects your dexterity (+3).
Missiles
 d - 7 datura-tipped darts (quivered)
Armour
 h - the +0 pair of gloves of Watchfulness (worn) {-Tele rElec Int-2 Dex+8}
   (You found it on level 4 of the Dungeon)

   It affects your intelligence (-2).
   It affects your dexterity (+8).
   It insulates you from electricity.
   It prevents most forms of teleportation.
 m - a +1 chain mail (worn)
 B - a +0 cloak (worn)
 O - the +4 pair of boots of Sloth (worn) {Harm rC+ Dex+4 Stlth-}
   (You found it on level 11 of the Dungeon)

   It affects your dexterity (+4).
   It protects you from cold.
   It increases damage dealt and taken.
   It makes you less stealthy.
 Y - the +4 robe "Nithroruo" {Harm, unknown}
   (You found it on level 14 of the Dungeon)

   It increases damage dealt and taken.
Jewellery
 g - an uncursed ring of flight {unknown}
 q - a +4 ring of slaying (left hand)
 y - an uncursed ring of poison resistance
 F - the amulet "Totosila" (around neck) {Acrobat Fragile rC+++ MR++ Int-5}
   (You acquired it on level 7 of the Dungeon)

   [amulet of the acrobat]

   It helps you evade while moving and waiting.
   It affects your intelligence (-5).
   It renders you almost immune to cold.
   It affects your resistance to hostile enchantments.
   It will be destroyed if unequipped.
 J - a +6 ring of dexterity {unknown}
 K - an uncursed ring of magical power {unknown}
 L - the ring "Efonkife" (right hand) {rPois MP+9 Slay-2 SInv}
   (You found it on level 11 of the Dungeon)

   [ring of see invisible]

   It affects your accuracy and damage with ranged weapons and melee attacks
   (-2).
   It protects you from poison.
   It affects your magic capacity (+9).
   It lets you see invisible.
 M - an uncursed ring of stealth {unknown}
 N - an uncursed ring of see invisible {unknown}
 P - a +6 ring of dexterity {unknown}
 Q - a cursed amulet of inaccuracy {unknown}
 U - an uncursed ring of ice {unknown}
 W - an uncursed ring of magical power {unknown}
Wands
 f - a wand of paralysis (13)
 l - a wand of polymorph (6)
 s - a wand of digging (4)
 u - a wand of acid (12)
 A - a wand of enslavement (10)
 T - a wand of iceblast (3)
 X - a wand of flame (18)
Scrolls
 e - 11 scrolls of teleportation
 j - 5 scrolls of fear
 o - 2 scrolls of enchant weapon
 r - 5 scrolls of identify
 t - a scroll of fog
 D - 2 scrolls of blinking
 E - 3 scrolls of enchant armour
 G - 2 scrolls of remove curse
 H - 2 scrolls of magic mapping
 V - a scroll of random uselessness {unknown}
Potions
 b - a potion of curing
 i - 3 potions of brilliance
 k - 2 potions of stabbing
 n - a potion of cancellation {unknown}
 p - a potion of invisibility
 w - 2 potions of flight
 x - 2 potions of might
Miscellaneous
 S - a tin of tremorstones (3/3)
Comestibles
 c - 21 rations
 Z - 2 chunks of flesh


   Skills:
 + Level 15.3 Fighting
 + Level 18.7 Axes
 + Level 2.1 Throwing
 + Level 14.0 Armour
 + Level 7.1 Dodging
 + Level 3.5 Stealth
 * Level 4.9 Evocations


You had 13 spell levels left.
You didn't know any spells.
Your spell library was empty.

Dungeon Overview and Level Annotations

Branches:
Dungeon (15/15)            Temple (0/1) D:5            Lair (0/6) D:11
    Orc (0/2) D:11         Vaults (0/5) D:14         Depths (0/5) D:15

Altars:
Ashenzari
Cheibriados
Dithmenos
Fedhas
Kikubaaqudgha
Qazlal
Trog
Vehumet
Wu Jian
Xom
Yredelemnul
The Shining One

Shops:
D:8 [

Annotations:
D:15 1 transporter


Innate Abilities, Weirdness & Mutations

You reflexively headbutt those who attack you in melee.
You have a pair of horns on your head.
You are somewhat resistant to further mutation.


Message History

Lightning courses through the withered plant!
The ettin zombie barely misses you. You furiously retaliate!
You headbutt the ettin zombie, but do no damage.
The ettin zombie hits you but does no damage.
You slice the ettin zombie!!
You headbutt the ettin zombie, but do no damage.
The ettin zombie is almost destroyed.
You hit the withered plant. The ettin zombie barely misses you.
You furiously retaliate!
You headbutt the ettin zombie!
You destroy the ettin zombie!
Trog accepts your kill.
The skeletal warrior hits you with a +0 scimitar!
* * * LOW HITPOINT WARNING * * *
The skeletal warrior misses you. You furiously retaliate!
You headbutt the skeletal warrior, but do no damage.
A two-headed ogre comes into view.
It is wielding a +0 giant club and a +0 giant spiked club.
Found a paperback book.
You cannot blink because you are wearing the +0 pair of gloves of Watchfulness {-Tele rElec Int-2 Dex+8}.
The skeletal warrior hits you with a +0 scimitar!
You die...

####.......: ###
......8..P... ...
.........P.. ...
O...8...... ...
#.....8.8... ###
#.8........88..
#..P.P...P8^.P.#
#..z8P..>8......
#.@.P......8.... .#
#..))P8....P..8.
..#
#.8.8...........
####..#
####.......8......#
.......
........รท...)....#
.......
.............)...##
......
..........#..###.#
..###
#.######....## .<#
#.# #..###


You could see a skeletal warrior and a two-headed ogre.

Vanquished Creatures
  A storm dragon (D:11)
  Kirke (D:15)
  A stone giant (D:11)
  3 ettins (D:11)
  Snorg (D:10)
  2 yaktaur captains (D:11)
  A fire dragon (D:11)
  Josephine (D:10)
  A hydra (D:13)
  3 two-headed ogres
  6 centaur warriors
  The ghost of barney the Transmogrifier, a novice DrTm of Cheibriados (D:8)
  3 death yaks (D:11)
  A death knight (D:14)
  Nergalle (D:10)
  The ghost of ew1980 the Destroyer, a novice DECj of Vehumet (D:10)
  8 skeletal warriors
  An unseen horror (D:11)
  2 flayed ghosts
  2 wizards (D:14)
  A necromancer (D:15)
  An orc knight (D:15)
  2 phantasmal warriors (D:14)
  10 ugly things
  2 manticores
  A frost giant zombie (D:15)
  A wolf spider (D:15)
  5 cyclopes
  2 stone giant zombies (D:15)
  4 centaur zombies
  Joseph (D:7)
  Psyche (D:10)
  A gargoyle (D:11)
  An efreet (D:11)
  6 yaktaurs
  A kobold demonologist (D:14)
  A tengu conjurer (D:11)
  A freezing wraith (D:14)
  A polar bear (D:10)
  8 trolls
  6 slime creatures
  7 hornets
  Grinder (D:5)
  An ettin zombie (D:15)
  4 hippogriffs
  3 spriggans (D:10)
  2 shadows
  2 wyverns
  6 wraiths
  Sigmund (D:4)
  9 yaks
  3 hogs (D:15)
  2 hungry ghosts
  2 basilisks
  4 vampire mosquitoes (D:15)
  An acid dragon (D:14)
  4 soldier ants
  5 orc warriors
  7 ice beasts
  A hornet zombie (D:14)
  A meliai simulacrum (D:15)
  2 eyes of draining
  A black bear (D:8)
  6 sky beasts
  4 phantoms
  A necrophage (D:9)
  A wolf (D:10)
  6 ogres
  6 centaurs
  Blork the orc (D:5)
  8 bullfrogs
  2 elf skeletons (D:9)
  A gnoll sergeant (D:12)
  A wyvern skeleton (D:10)
  10 scorpions
  5 killer bees (D:11)
  3 wights (D:9)
  4 howler monkeys
  A spectral bullfrog (D:8)
  4 crimson imps
  2 quasits
  A bullfrog zombie (D:9)
  4 human zombies (D:9)
  5 jellies
  4 hounds
  3 bullfrog skeletons
  4 centaur skeletons
  3 orc priests
  10 orc wizards
  Crazy Yiuf (D:4)
  5 iguanas
  16 worker ants
  A killer bee zombie (D:8)
  2 hound zombies
  A mummy (D:9)
  A hound skeleton (D:9)
  5 gnolls (D:12)
  20 adders
  2 shadow imps
  An ooze (D:1)
  A worm (D:3)
  A dart slug (D:2)
  An adder simulacrum (D:8)
  8 leopard geckos
  68 orcs
  A ball python (D:2)
  12 bats
  12 giant cockroaches
  5 goblins
  6 hobgoblins
  6 jackals
  7 kobolds
  5 quokkas
  A frilled lizard (D:1)
  A leopard gecko simulacrum (D:8)
  7 rats
  A butterfly (D:8)
  3 withered plants (D:15)
468 creatures vanquished.

Vanquished Creatures (collateral kills)
  A giant cockroach (D:4)
1 creature vanquished.

Vanquished Creatures (others)
  An orc wizard (D:11)
  A worker ant (D:11)
  An adder (D:11)
  6 plants (D:10)
9 creatures vanquished.

Grand Total: 478 creatures vanquished

Notes
Turn   | Place    | Note
-------+----------+-------------------------------------------
     0 | D:1      | ubername the Minotaur Berserker began the quest for the
                  | Orb.
     0 | D:1      | Reached XP level 1. HP: 19/19 MP: 0/0
   188 | D:1      | Reached skill level 4 in Axes
   188 | D:1      | Reached XP level 2. HP: 17/27 MP: 1/1
   900 | D:2      | Reached XP level 3. HP: 34/34 MP: 2/2
  1004 | D:2      | Found a radiant altar of Vehumet.
  1122 | D:2      | Reached ** piety under Trog
  1138 | D:2      | Reached XP level 4. HP: 22/41 MP: 3/3
  1392 | D:2      | Reached skill level 5 in Axes
  1777 | D:3      | Found a stormy altar of Qazlal.
  1877 | D:3      | Found a glowing golden altar of the Shining One.
  2257 | D:3      | Gained mutation: You are somewhat resistant to further
                  | mutation. [potion of mutation]
  2322 | D:4      | Reached XP level 5. HP: 40/47 MP: 4/4
  2431 | D:4      | Noticed Sigmund
  2447 | D:4      | Killed Sigmund
  2447 | D:4      | Reached skill level 5 in Fighting
  2447 | D:4      | Reached skill level 6 in Axes
  2447 | D:4      | Reached XP level 6. HP: 56/56 MP: 5/5
  2633 | D:4      | Reached skill level 5 in Armour
  2726 | D:4      | Found a runed translucent door.
  2768 | D:4      | Got a pair of buzzing gloves
  2774 | D:4      | Identified the +0 pair of gloves of Watchfulness {-Tele
                  | rElec Int-2 Dex+8} (You found it on level 4 of the Dungeon)
  2874 | D:4      | Got an ancient war axe
  2877 | D:4      | Identified the +7 war axe of Huxky {elec, rC+ Int+5} (You
                  | found it on level 4 of the Dungeon)
  2983 | D:4      | Noticed Crazy Yiuf
  3123 | D:4      | Killed Crazy Yiuf
  3168 | D:5      | Entered Level 5 of the Dungeon
  3168 | D:5      | Found a snail-covered altar of Cheibriados.
  3172 | D:5      | Reached XP level 7. HP: 61/61 MP: 6/6
  3182 | D:5      | Reached skill level 7 in Axes
  3284 | D:5      | Noticed Blork the orc
  3289 | D:5      | Killed Blork the orc
  3420 | D:5      | Noticed Grinder
  3422 | D:5      | Reached *** piety under Trog
  3424 | D:5      | Found a staircase to the Ecumenical Temple.
  3427 | D:5      | Paralysed by Grinder for 2 turns
  3430 | D:5      | Killed Grinder
  3430 | D:5      | Reached skill level 1 in Throwing
  3430 | D:5      | Reached skill level 8 in Axes
  3432 | D:5      | Reached XP level 8. HP: 70/70 MP: 7/7
  3466 | D:5      | Found the +3 sling "Punk" {acid, rCorr}
  3909 | D:6      | Reached skill level 1 in Stealth
  3988 | D:6      | Reached skill level 9 in Axes
  4526 | D:7      | Noticed a hippogriff
  4529 | D:7      | Killed a hippogriff
  4537 | D:7      | Noticed a hippogriff
  4542 | D:7      | Killed a hippogriff
  4542 | D:7      | Reached skill level 10 in Axes
  4569 | D:7      | Reached XP level 9. HP: 78/78 MP: 8/8
  4771 | D:7      | Reached **** piety under Trog
  4869 | D:7      | Got a steaming quarterstaff
  4913 | D:7      | Identified a scroll of acquirement
  4913 | D:7      | Acquired the amulet "Totosila" {Acrobat Fragile rC+++ MR++
                  | Int-5}
  5249 | D:7      | Noticed Joseph
  5261 | D:7      | Killed Joseph
  5261 | D:7      | Reached skill level 11 in Axes
  5324 | D:7      | Found a bloodstained altar of Trog.
  5415 | D:8      | Found a runed translucent door.
  5421 | D:8      | Found a runed translucent door.
  5578 | D:8      | Found a shattered altar of Ashenzari.
  5619 | D:8      | Reached skill level 12 in Axes
  5665 | D:8      | Reached XP level 10. HP: 75/88 MP: 9/9
  5728 | D:8      | Found Doeniyf's Antique Armour Boutique.
  5836 | D:8      | Found a shadowy altar of Dithmenos.
  5839 | D:8      | Found a runed translucent gate.
  5839 | D:8      | Found a runed translucent gate.
  5839 | D:8      | Found a runed translucent gate.
  5847 | D:8      | Noticed barney's ghost (novice DrTm)
  6053 | D:8      | Killed barney's ghost
  6191 | D:9      | Found an ancient bone altar of Kikubaaqudgha.
  6219 | D:9      | Reached skill level 13 in Axes
  6254 | D:9      | Found a blossoming altar of Fedhas.
  6307 | D:9      | Found an ornate altar of the Wu Jian Council.
  6379 | D:9      | Noticed a two-headed ogre
  6383 | D:9      | Killed a two-headed ogre
  6623 | D:9      | Found a basalt altar of Yredelemnul.
  6880 | D:10     | Entered Level 10 of the Dungeon
  6888 | D:10     | Reached skill level 5 in Dodging
  6890 | D:10     | Reached ***** piety under Trog
  6905 | D:10     | Noticed Josephine
  6915 | D:10     | Reached skill level 10 in Fighting
  6920 | D:10     | Killed Josephine
  6920 | D:10     | Reached skill level 14 in Axes
  6920 | D:10     | Reached XP level 11. HP: 99/99 MP: 10/10
  6966 | D:10     | Noticed Snorg
  6975 | D:10     | Killed Snorg
  7053 | D:10     | Found a runed translucent door.
  7055 | D:10     | Noticed ew1980's ghost (novice DECj)
  7056 | D:10     | Identified the +6 spear "Vuwup" {elec, Dex+3}
  7057 | D:10     | Noticed a spriggan rider
  7077 | D:10     | Noticed Psyche
  7083 | D:10     | Killed Psyche
  7136 | D:10     | Noticed Nergalle
  7144 | D:10     | Killed Nergalle
  7145 | D:10     | Reached skill level 10 in Armour
  7155 | D:10     | You fall into a shaft and drop 1 floor!
  7155 | D:11     | Found a staircase to the Lair.
  7155 | D:11     | Noticed a death yak
  7155 | D:11     | Noticed a death yak
  7155 | D:11     | Noticed a death yak
  7160 | D:11     | Killed a death yak
  7166 | D:11     | Killed a death yak
  7166 | D:11     | Reached skill level 15 in Axes
  7168 | D:11     | Killed a death yak
  7292 | D:11     | Found a shimmering altar of Xom.
  7664 | D:11     | Noticed a two-headed ogre
  7672 | D:11     | Killed a two-headed ogre
  7676 | D:11     | Found a staircase to the Orcish Mines.
  7732 | D:11     | Reached XP level 12. HP: 110/110 MP: 11/11
  8015 | D:11     | Noticed a yaktaur captain
  8023 | D:11     | Killed a yaktaur captain
  8023 | D:11     | Reached skill level 16 in Axes
  8034 | D:11     | Identified the Papyrus of Creation and the Arsonist
  8238 | D:11     | Noticed a fire dragon
  8252 | D:11     | Killed a fire dragon
  8324 | D:11     | Noticed a yaktaur captain
  8332 | D:11     | Killed a yaktaur captain
  8553 | D:11     | Noticed an ettin
  8560 | D:11     | Killed an ettin
  8567 | D:11     | Got a transparent amber ring
  8844 | D:11     | Identified the ring "Efonkife" {rPois MP+9 Slay-2 SInv}
                  | (You found it on level 11 of the Dungeon)
  8954 | D:11     | Noticed a two-headed ogre
  8958 | D:11     | Killed a two-headed ogre
  9015 | D:11     | Noticed an ettin
  9021 | D:11     | Killed an ettin
  9296 | D:11     | Noticed an ettin
  9301 | D:11     | Killed an ettin
  9301 | D:11     | Received a gift from Trog
  9312 | D:11     | Got a pair of distressingly furry boots
  9323 | D:11     | Identified the +4 pair of boots of Sloth {Harm rC+ Dex+4
                  | Stlth-} (You found it on level 11 of the Dungeon)
  9409 | D:11     | Noticed a stone giant
  9417 | D:11     | Killed a stone giant
  9417 | D:11     | Reached skill level 17 in Axes
  9669 | D:11     | Noticed a storm dragon
  9682 | D:11     | Killed a storm dragon
 10070 | D:10     | Reached XP level 13. HP: 106/119 MP: 12/12
 10312 | D:10     | Killed ew1980's ghost
 10983 | D:12     | Lost intelligence.
 10983 | D:12     | Identified the cursed +1 quarterstaff of Leenopek
                  | {antimagic, MR+ SInv} (You found it on level 7 of the
                  | Dungeon)
 11013 | D:12     | Lost intelligence.
 12370 | D:13     | Received a gift from Trog
 12611 | D:14     | Found a gate to the Vaults.
 12617 | D:14     | Reached skill level 1 in Evocations
 13287 | D:14     | Reached skill level 18 in Axes
 13297 | D:14     | Reached XP level 14. HP: 132/132 MP: 15/15
 13698 | D:14     | Got a dull robe
 13895 | D:14     | Received a gift from Trog
 13989 | D:15     | Entered Level 15 of the Dungeon
 13996 | D:15     | Lost intelligence.
 14047 | D:15     | Noticed Kirke
 14058 | D:15     | Killed Kirke
 14865 | D:15     | Reached skill level 15 in Fighting
 14872 | D:15     | Found a transporter.
 14893 | D:15     | Noticed a vampire knight
 14921 | D:15     | Found a staircase to the Depths.
 14966 | D:15     | Slain by a skeletal warrior

Illustrated notes

Levels and vault maps discovered:
D:1:      dpeg_arrival_connections, layout_rooms, kennysheep_another_room
D:2:      layout_rooms, lemuel_round_altar, kennysheep_generic_room_2
D:3:      layout_rooms, nicolae_tso_carved_into_rock, grunt_qazlal_sundering
D:4:      layout_cave_pools, uniq_crazy_yiuf_cottage, uniq_sigmund
D:5:      layout_basic, nicolae_overflow_hidden_temple,
          minmay_temple_entry_sparse_star, first_ration, uniq_blork_the_orc,
          uniq_grinder
D:6:      layout_loops_ring
D:7:      layout_basic, old_standard_altar, uniq_joseph
D:8:      lemuel_insect_pit, layout_rooms, kennysheep_mini, old_standard_altar,
          serial_shops, nicolae_shop_competitors_out_of_business,
          gammafunk_ghost_necromancy, hangedman_pestilent_swarm, feat_on_display
D:9:      layout_cave_pools, lemuel_round_altar, nicolae_overflow_crystal_walls,
          lemuel_mausoleum_altar_yredelemnul, serial_column_ruins,
          column_ruins_hut, column_ruins_corridor_T,
          column_ruins_open_tiny_water, column_ruins_corridor_straight,
          fedhas_altar_1
D:10:     layout_cave_pools, ebering_ghost_funeral_grove, uniq_nergalle,
          uniq_psyche, uniq_snorg, uniq_josephine
D:11:     minmay_box_of_curves, layout_irregular_city, dpeg_lair_monsters,
          hiddenorc2_lemuel, xom_confusion_cloud
D:12:     layout_rooms
D:13:     layout_basic
D:14:     minmay_connected_boxes_in_corner, layout_long_grid, david_vaults_1,
          hangedman_abyss_or_decor_stabs
D:15:     gammafunk_depths_entry_grave, layout_small_grid, minivault_24,
          gammafunk_ghost_mausoleum, uniq_kirke

Skill      XL: |  1  2  3  4  5  6  7  8  9 10 11 12 13 14 |
---------------+-------------------------------------------+-----
Axes           | 4 5 6 8 10 12 14 15 17 18 | 18.7
Fighting       | 4 5 6 7 10 11 12 14 15 | 15.3
Armour         | 3 4 5 6 7 8 9 10 12 13 14 | 14.0
Dodging        | 3 4 5 6 7 |  7.1
Throwing       | 1 2 |  2.1
Stealth        | 1 2 3 |  3.5
Evocations     | 3 4 |  4.9

Action                   |  1- 3 |  4- 6 |  7- 9 | 10-12 | 13-15 || total
-------------------------+-------+-------+-------+-------+-------++-------
Melee: Hand axe          |    64 |    89 |       |       |       ||   153
       Headbutt          |     5 |    16 |    24 |    71 |    96 ||   212
       War axe           |       |     5 |   142 |   283 |   313 ||   743
Throw: Dart              |       |     4 |       |     7 |       ||    11
Invok: Berserk           |     2 |     2 |     3 |    14 |     7 ||    28
Evoke: Wand              |       |       |       |     1 |       ||     1
  Use: Scroll            |       |     7 |     8 |     3 |     2 ||    20
       Potion            |       |     6 |     3 |     3 |     3 ||    15
 Stab: Confused          |       |       |       |     1 |       ||     1
  Eat: Chunk             |     2 |     5 |    11 |    18 |    10 ||    46
       Ration            |       |     1 |       |     3 |     4 ||     8
Armor: Animal skin       |    13 |       |       |       |       ||    13
       Chain mail        |    28 |    73 |    65 |   106 |   116 ||   388
Dodge: Dodged            |    49 |    62 |    78 |   165 |   199 ||   553
